 Dungeon Crawl Stone Soup version 0.31-a0-806-g0bc164a743 (webtiles) character file.

Game seed: 11428928194934213104

161 javelincjr the Ruffian (level 5, 0/39 HPs)
             Began as a Human Shapeshifter on Sept 20, 2023.
             Was a Believer of Dithmenos.
             Slain by Grinder (4 damage)
             ... on level 2 of the Dungeon.
             The game lasted 00:07:25 (1885 turns).

javelincjr the Ruffian (Human Shapeshifter)         Turns: 1885, Time: 00:07:25

Health: 0/39       AC:  9    Str: 16    XL:     5   Next: 70%
Magic:  5/5        EV: 12    Int: 10    God:    Dithmenos [**....]
Gold:   70         SH:  4    Dex: 13    Spells: 4/4 levels left

rFire   . .          .
                       - Unarmed
rCold   . . .        q - +0 buckler
rNeg    . . .        k - +1 chain mail
rPois   .            (helmet currently unavailable)
rElec   .            (cloak currently unavailable)
rCorr   .            (gloves currently unavailable)
SInv    .            (boots currently unavailable)
Will    .....        (no amulet) Stlth
                     n - +5 ring of evasion
HPRegen 0.26/turn    (no ring)
MPRegen 0.09/turn

%: no passive effects
@: beast-form, wreathed by umbra
A: beast (slay +2)
a: Begin Untransformation, Renounce Religion, Shadow Step


You were on level 2 of the Dungeon.
You worshipped Dithmenos.
Dithmenos was pleased with you.
You were a hulking beast.
You visited 1 branch of the dungeon, and saw 3 of its levels.

You collected 70 gold pieces.

Inventory:

Armour
 k - a +1 chain mail (worn)
 m - a +0 pair of boots
 q - a +0 buckler (worn)
Jewellery
 n - a +5 ring of evasion (left hand)
Talismans
 c - a beast talisman (active)
 d - a flux talisman
Scrolls
 e - 2 scrolls of teleportation
 g - 3 scrolls of revelation
Potions
 a - a potion of haste {unknown}
 b - a potion of lignification
 i - a potion of curing {unknown}
 o - a potion of degeneration {unknown}
 p - a potion of enlightenment {unknown}


   Skills:
 + Level 2.6 Fighting
 + Level 3.2 Dodging
 + Level 3.9 Unarmed Combat
 + Level 3.7 Shapeshifting


You had 4 spell levels left.
You didn't know any spells.
Your spell library contained the following spells:

 Spells                   Type           Power      Damage    Failure   Level
 Kiss of Death            Conj/Necr      0%         2d5       100%        1
 Slow                     Hex            0%         N/A       100%        1
 Confusing Touch          Hex            0%         N/A       100%        3
 Sigil of Binding         Hex            0%         N/A       100%        3
 Vampiric Draining        Necr           0%         2d6       100%        3
 Dispel Undead            Necr           0%         3d6       100%        4


Dungeon Overview and Level Annotations

Branches:
Dungeon (3/15)

Altars:
Dithmenos

Annotations:
D:2 Grinder


Message History

Grinder blinks!
There is a stone staircase leading up here.
As you read the scroll labelled MUORACH FA ESYGOWK, it crumbles to dust.
It is a scroll of enchant weapon.
You aren't carrying any weapons that can be enchanted.
As you read the scroll labelled ISHOUSCHITINN, it crumbles to dust.
You hear a loud clanging noise!
It was a scroll of noise.
You hear a shout!
Grinder hits you.
You writhe in agony.
You closely miss Grinder. Grinder hits you!
You writhe in agony.
You punch Grinder!
Grinder is lightly wounded.
Grinder hits you!
You writhe in agony.
* * * LOW HITPOINT WARNING * * *
You are too injured to fight recklessly!
Grinder gestures at you.
You suddenly lose the ability to move!
Grinder gestures at you. Pain shoots through your body!
* * * LOW HITPOINT WARNING * * *
A quokka comes into view.
Grinder gestures at you. You resist with significant effort.
Grinder hits you but does no damage.
You can move again.
There is a stone staircase leading up here.
Grinder gestures at you. Pain shoots through your body!
* * * LOW HITPOINT WARNING * * *
You climb upwards.
There is a stone staircase leading down here.
You hit Grinder.
Grinder is moderately wounded.
Grinder hits you but does no damage.
You closely miss Grinder.
Grinder is moderately wounded.
Grinder hits you.
You die...
Grinder says, "Now the real fun starts!"

######### #.......# #.......#
###########.......##
#..h[[....'.......+.
###5#######.......##
###########...# #.......#
###########...# ##.....##
############..######.....###
####.....#.........'.....'..
####.###.#.#########...)รท#..
####.#<#.#.#### #.....#..
####.#.#.#)###### #.....#..


You could see Grinder.

Vanquished Creatures
  An orc wizard (D:2)
  4 gnolls (D:2)
  5 adders (D:2)
  2 worms (D:2)
  A dart slug (D:1)
  2 orcs
  4 bats
  An endoplasm (D:1)
  3 giant cockroaches
  3 goblins (D:2)
  4 hobgoblins
  A jackal (D:2)
  6 kobolds
  5 ball pythons (D:2)
  A frilled lizard (D:1)
  4 rats
47 creatures vanquished.

Notes
Turn   | Place    | Note
-------+----------+-------------------------------------------
     0 | D:1      | javelincjr the Human Shapeshifter began the quest for the
                  | Orb.
     0 | D:1      | Reached XP level 1. HP: 15/15 MP: 1/1
   168 | D:1      | Reached XP level 2. HP: 21/21 MP: 2/2
   421 | D:1      | Found a faded altar of an unknown god.
   424 | D:1      | Prayed at the altar of an unknown god.
   424 | D:1      | Became a worshipper of Dithmenos the Shadowed
   424 | D:1      | Reached * piety under Dithmenos
   571 | D:2      | Reached XP level 3. HP: 26/26 MP: 3/3
   777 | D:2      | Reached XP level 4. HP: 23/33 MP: 4/4
  1085 | D:2      | Reached ** piety under Dithmenos
  1275 | D:2      | Reached XP level 5. HP: 22/38 MP: 5/5
  1291 | D:2      | HP: 1/39 [gnoll/+0 halberd (9)]
  1706 | D:3      | Noticed Grinder
  1759 | D:3      | Paralysed by Grinder for 4 turns
  1771 | D:3      | Paralysed by Grinder for 3 turns
  1877 | D:3      | Paralysed by Grinder for 5 turns
  1885 | D:2      | Slain by Grinder

Illustrated notes

Levels and vault maps discovered:
D:1:      ebering_trefoil_3fold, layout_rooms,
          hellmonk_ecumenical_altar_defaced_shrine
D:2:      minmay_chambers_of_ones, layout_basic
D:3:      layout_rooms, ebering_ghost_reflecting_pool, serial_forest,
          infiniplex_forest_lined_4_way, infiniplex_forest_clump_diagonal,
          infiniplex_forest_clump_long, infiniplex_forest_clump_double,
          infiniplex_forest_clump_tiny, infiniplex_forest_end_1,
          infiniplex_forest_lined_4_way, infiniplex_forest_join,
          minmay_distorted, uniq_grinder

Skill      XL: |  1  2  3  4  5 |
---------------+----------------+-----
Fighting       | 2 |  2.6
Dodging        | 3 |  3.2
Unarmed Combat | |  3.9
Shapeshifting  | |  3.7

Action                     |  1- 3 |  4- 6 || total
---------------------------+-------+-------++-------
  Melee: Unarmed           |    83 |   105 ||   188
         Punch             |     4 |     2 ||     6
    Use: Scroll            |       |     6 ||     6
 Armour: Animal skin       |     5 |       ||     5
         Ring mail         |    12 |       ||    12
         Chain mail        |    36 |    73 ||   109
  Dodge: Dodged            |    43 |    87 ||   130
  Block: Buckler           |       |    10 ||    10

Table legend: (Time is in decaauts)
 A = Elapsed time spent in this place.
 B = Non-inter-level travel time spent in this place.
 C = Inter-level travel time spent in this place.
 D = Time resting spent in this place.
 E = Time spent auto-exploring this place.
 F = Levels seen in this place.
 G = Mean time per level.
                   A        B        C        D        E       F      G
               +--------+--------+--------+--------+--------+-----+--------+
         Total |   1877 |   1836 |     41 |    144 |   1253 |   3 |  625.7 |
       Dungeon |   1877 |   1836 |     41 |    144 |   1253 |   3 |  625.7 |
               +--------+--------+--------+--------+--------+-----+--------+

Top non-repeatable levels by time:
     D:2: 1280 daAuts
     D:1: 554 daAuts
     D:3: 43 daAuts
